Map: Torri del crepuscolo

Players

Gabri

  • Race: Terran Terran
  • League: Master

Airmax

  • Race: Protoss Protoss

Shadow

  • Race: Protoss Protoss
  • League: Diamond

VOD

Have the link to the VOD?

Description

Time

  • Played on: April 4, 2016, 6:12 p.m.
  • Length: 11:57
Show
View Real Time Build Order
Export as new Build Order

Gabri Terran 

Build Orders: Reaper Expand, MMM Bio 

Get SALT Encoding   

  12  0:00  SCV  
  13  0:13  SCV  
  14  0:17  Supply Depot  
  14  0:25  SCV  
  15  0:38  SCV  
  15  0:40  Barracks  
  16  0:45  Refinery  
  16  0:51  SCV  
  17  1:03  SCV  
  18  1:15  SCV  
  19  1:30  Orbital Command, Reaper  
  20  1:46  Command Center  
  20  1:56  Supply Depot  
  20  1:57  SCV  
  21  2:08  Barracks Reactor  
  21  2:09  SCV  
  21  2:13  Barracks  
  22  2:21  SCV  
  23  2:27  Factory  
  23  2:33  SCV  
  23  2:34  Refinery  
  24  2:44  Marine x2  
  25  2:45  SCV  
  27  2:57  SCV  
  28  2:59  Orbital Command  
  28  3:01  Marine  
  28  3:02  Barracks Tech Lab, Marine  
  30  3:09  SCV  
  31  3:13  Starport  
  31  3:21  SCV  
  33  3:30  Widow Mine x2  
  33  3:31  Supply Depot  
  33  3:33  SCV  
  38  3:36  Stimpack, SCV  
  38  3:42  Marine  
  38  3:45  Marauder, SCV  
  43  3:48  SCV  
  43  3:57  Medivac  
  43  3:58  SCV  
  43  4:00  Marine, SCV  
  48  4:03  Supply Depot  
  48  4:06  Marine  
  48  4:08  Widow Mine x2  
  53  4:10  SCV  
  54  4:24  Marine  
  54  4:25  Marauder, SCV x2  
  54  4:26  Supply Depot  
  54  4:27  Viking  
  61  4:37  SCV  
  62  4:48  Command Center, SCV  
  62  4:49  Supply Depot, SCV  
  64  4:58  Refinery  
  64  4:59  Factory Reactor  
  64  5:00  SCV  
  64  5:01  SCV  
  64  5:03  Supply Depot  
  68  5:09  Starport Reactor  
  68  5:12  Refinery, SCV  
  68  5:13  Engineering Bay, SCV  
  68  5:14  Engineering Bay, Marauder, Marine x2  
  72  5:24  SCV  
  72  5:25  SCV  
  70  5:31  Marine  
  69  5:36  SCV  
  69  5:41  SCV  
  69  5:42  Terran Infantry Weapons Level 1, Terran Infantry Armor Level 1, Marine  
  71  5:43  Marauder  
  71  5:44  Combat Shields  
  71  5:48  SCV  
  71  5:49  Marine  
  76  5:53  Missile Turret, SCV  
  76  5:54  Medivac, Missile Turret  
  79  6:00  SCV  
  79  6:01  Orbital Command, Widow Mine x2  
  84  6:05  SCV  
  84  6:10  Marine x2  
  84  6:11  Marauder  
  89  6:12  SCV  
  89  6:13  Supply Depot  
  89  6:17  SCV  
  91  6:19  Medivac  
  91  6:24  SCV  
  94  6:28  Marine  
  94  6:30  Widow Mine  
  94  6:32  Marauder  
  99  6:35  Marine, SCV  
  99  6:38  Medivac  
  103  6:43  Orbital Command  
  103  6:44  Barracks  
  103  6:46  Barracks  
  103  6:48  Barracks  
  103  6:53  Marauder, Medivac  
  103  6:54  Supply Depot x2, Marine  
  107  6:56  Supply Depot  
  108  7:01  SCV  
  108  7:07  Armory, Widow Mine, Concussive Shells, SCV  
  112  7:11  SCV  
  112  7:13  Marine, SCV  
  115  7:16  Marine  
  115  7:19  SCV  
  115  7:21  Marine  
  118  7:23  SCV  
  118  7:25  SCV  
  118  7:27  Refinery  
  120  7:31  Marine, SCV  
  120  7:35  Marine  
  120  7:36  Barracks Tech Lab  
  121  7:37  Barracks Reactor x2  
  121  7:40  Marauder  
  121  7:41  Widow Mine  
  121  7:42  Widow Mine  
  124  7:46  Missile Turret  
  124  7:49  Marine, SCV  
  124  7:50  Supply Depot  
  126  7:51  Supply Depot  
  126  7:53  Marine  
  126  7:57  Marine, Medivac  
  130  8:01  Terran Infantry Weapons Level 2, Marauder, SCV x3  
  130  8:02  Refinery, Missile Turret  
  135  8:08  Terran Infantry Armor Level 2  
  135  8:12  Marine  
  134  8:13  SCV x3  
  134  8:16  Marauder, Marine  
  134  8:17  Marine x2  
  139  8:22  Supply Depot, Marauder  
  139  8:24  Missile Turret  
  139  8:25  SCV  
  142  8:29  Widow Mine x2, Marine  
  142  8:30  Medivac  
  147  8:37  Marauder  
  147  8:38  Marine  
  150  8:44  Marauder, Marine  
  153  8:50  Command Center  
  153  8:52  Marine x2  
  153  8:53  Marine  
  153  8:54  Missile Turret  
  151  8:58  Marauder  
  151  9:00  Widow Mine x2, Marine  
  151  9:01  Medivac  
  160  9:05  Marauder  
  162  9:14  Medivac, Marine  
  165  9:20  Refinery  
  165  9:24  Marauder  
  165  9:25  Supply Depot x2  
  165  9:26  Marauder, Marine  
  165  9:29  Marine  
  171  9:32  Marine x2  
  173  9:38  Barracks  
  173  9:39  Barracks  
  173  9:40  Barracks  
  173  9:41  Marine x2  
  173  9:43  Marine  
  172  9:46  Marauder  
  172  9:48  Marauder  
  172  9:50  Marine x2  
  172  9:51  Widow Mine  
  172  9:52  Supply Depot  
  173  10:06  Marine x3  
  159  10:08  Marauder  
  159  10:09  Marauder, Medivac x2  
  159  10:11  Marine  
  166  10:16  Marine  
  166  10:18  Marine  
  166  10:19  Widow Mine  
  166  10:20  Planetary Fortress  
  170  10:26  Marine  
  170  10:27  Barracks Tech Lab x3  
  171  10:29  Marauder  
  171  10:31  Marauder, Marine x2  
  177  10:39  Medivac  
  178  10:46  Marine x2  
  178  10:47  Marauder  
  179  10:53  Marine, Medivac  
  179  10:55  Widow Mine  
  184  11:00  Marine x2  
  184  11:01  Marauder x2  
  190  11:09  Marine, Medivac  
  190  11:10  Marauder, Marine  
  191  11:14  Ghost Academy  
  191  11:16  Command Center, Marine x2  
  191  11:17  Widow Mine, Marauder x2  
  192  11:23  Widow Mine  
  192  11:24  Marauder, Marine x2  
  198  11:27  Marine x2  
  196  11:36  Marine  
  199  11:40  Refinery  
Show
View Real Time Build Order
Export as new Build Order

Airmax Protoss 

Build Orders: 1 Gate Expand, Blink Stalkers 

Get SALT Encoding   

  12  0:02  Probe (Chrono Boost)  
  13  0:12  Probe (Chrono Boost)  
  14  0:19  Pylon  
  14  0:26  Probe (Chrono Boost)  
  15  0:37  Probe (Chrono Boost)  
  15  0:38  Gateway  
  16  0:46  Assimilator  
  16  0:48  Probe (Chrono Boost)  
  17  0:58  Probe (Chrono Boost)  
  18  1:09  Probe (Chrono Boost)  
  19  1:22  Nexus  
  19  1:35  Pylon  
  19  1:38  Cybernetics Core  
  19  1:40  Pylon  
  19  1:46  Probe (Chrono Boost)  
  20  1:56  Assimilator, Probe (Chrono Boost)  
  21  2:07  Probe (Chrono Boost)  
  21  2:16  Adept  
  21  2:18  Mothership Core (Chrono Boost)  
  25  2:27  Warp Gate  
  25  2:31  Pylon  
  25  2:36  Probe x2 (Chrono Boost)  
  27  2:46  Probe (Chrono Boost)  
  27  2:47  Probe (Chrono Boost)  
  29  2:52  Robotics Facility  
  29  2:57  Probe x2 (Chrono Boost)  
  30  3:02  Adept  
  32  3:08  Probe x2 (Chrono Boost)  
  34  3:21  Twilight Council  
  34  3:23  Probe x2 (Chrono Boost)  
  36  3:33  Adept  
  36  3:34  Probe x2 (Chrono Boost)  
  40  3:43  Observer  
  40  3:44  Probe x2 (Chrono Boost)  
  43  3:48  Gateway  
  43  3:55  Probe x2 (Chrono Boost)  
  45  3:59  Blink  
  45  4:05  Probe x2 (Chrono Boost)  
  45  4:08  Pylon  
  47  4:12  Observer  
  47  4:16  Probe x2 (Chrono Boost)  
  50  4:26  Probe x2 (Chrono Boost)  
  51  4:31  Gateway  
  51  4:34  Gateway  
  51  4:37  Probe x2 (Chrono Boost)  
  54  4:38  Observer  
  54  4:42  Assimilator  
  54  4:47  Assimilator, Probe (Chrono Boost)  
  54  4:48  Probe (Chrono Boost)  
  56  4:58  Probe x2 (Chrono Boost)  
  56  4:59  Observer  
  59  5:03  Pylon  
  59  5:07  Pylon  
  59  5:09  Probe x2 (Chrono Boost)  
  61  5:20  Pylon, Gateway  
  61  5:35  Stalker x2  
  63  5:45  Stalker x2  
  63  5:46  Probe x2 (Chrono Boost)  
  69  5:54  Observer  
  70  5:58  Nexus  
  70  6:04  Resonating Glaives  
  70  6:05  Probe x2 (Chrono Boost)  
  72  6:15  Probe x2 (Chrono Boost)  
  74  6:18  Gateway  
  74  6:20  Stalker  
  74  6:24  Gateway  
  76  6:26  Probe x2 (Chrono Boost)  
  76  6:28  Gateway  
  76  6:32  Observer  
  79  6:36  Probe x2 (Chrono Boost)  
  79  6:39  Pylon  
  77  6:42  Pylon  
  77  6:44  Pylon  
  77  6:47  Forge  
  77  6:48  Probe x2 (Chrono Boost)  
  77  6:51  Adept  
  77  6:52  Forge, Adept  
  83  7:03  Assimilator  
  83  7:04  Assimilator  
  83  7:11  Adept x2  
  83  7:12  Adept x2  
  91  7:17  Probe (Chrono Boost)  
  91  7:18  Protoss Ground Weapons Level 1, Probe x2 (Chrono Boost)  
  91  7:20  Protoss Ground Armor Level 1  
  91  7:21  Photon Cannon  
  94  7:27  Probe (Chrono Boost), Adept x3  
  101  7:43  Adept x4  
  109  7:45  Probe (Chrono Boost)  
  109  7:47  Probe (Chrono Boost)  
  111  7:56  Observer  
  111  7:58  Adept x4  
  117  8:07  Stalker  
  117  8:08  Gateway, Stalker  
  117  8:09  Gateway  
  116  8:29  Observer  
  116  8:32  Pylon  
  116  8:34  Pylon  
  117  8:35  Pylon  
  117  8:41  Photon Cannon, Templar Archives  
  117  8:44  Stalker x4  
  125  8:49  Pylon  
  125  8:51  Pylon x3  
  125  8:54  Pylon  
  119  8:57  Protoss Ground Weapons Level 2  
  119  8:58  Stalker x2  
  119  8:59  Stalker  
  119  9:02  Protoss Ground Armor Level 2, Observer  
  125  9:03  Adept  
  125  9:06  Psionic Storm  
  127  9:20  Pylon  
  127  9:29  Adept  
  127  9:30  Adept x4  
  137  9:31  Adept  
  137  9:37  Adept x2  
  137  9:53  Nexus  
  138  10:00  Observer  
  124  10:08  Stalker  
  124  10:09  High Templar, Stalker x4  
  124  10:10  High Templar x2  
  132  10:25  Gateway x2  
  132  10:29  Gateway  
  132  10:30  Photon Cannon  
  132  10:31  Photon Cannon  
  132  10:32  Pylon  
  132  10:33  High Templar x2  
  134  10:39  Observer  
  135  10:45  Cybernetics Core  
  131  10:52  Cybernetics Core  
  131  11:02  High Templar x3  
  137  11:04  Zealot  
  137  11:11  Archon  
  139  11:12  Pylon  
  139  11:13  Pylon  
  139  11:17  Pylon  
  133  11:27  Pylon  
  133  11:28  Photon Cannon  
  133  11:30  Photon Cannon  
  133  11:31  Photon Cannon  
  134  11:35  Mothership Core (Chrono Boost), Pylon  
  134  11:40  High Templar x2  
  134  11:44  Nexus  
Show
View Real Time Build Order
Export as new Build Order

Shadow Protoss 

Build Orders:  

Get SALT Encoding   

Tags
 
Add a new tag
Caveats
  • Supply blocks, unpowered buildings, or Contaminate may cause inaccurate times.
  • Supply counts are checked every 10 seconds.